Map: Abyssal Reef LE

Players

Raze - Winner!

  • Race: Terran Terran
  • Spawn Location: 11:00

TheoRy

  • Race: Protoss Protoss
  • Spawn Location: 5:00

Event: WCS Austin 2017

VOD

Have the link to the VOD?

Description

Time

  • Played on: April 28, 2017, 5:44 p.m.
  • Length: 10:38

All games in this series

Show
View Real Time Build Order
Export as new Build Order

Raze Terran - Winner!

Build Orders: Liberator Opening, Reaper Expand, MMM Bio 

Get SALT Encoding   

  12  0:00  SCV  
  13  0:12  SCV  
  14  0:17  Supply Depot  
  14  0:25  SCV  
  14  0:27  Refinery  
  15  0:38  SCV  
  16  0:45  Barracks  
  16  0:50  SCV  
  17  1:03  SCV  
  18  1:15  SCV  
  19  1:32  Reaper, Orbital Command  
  20  1:49  Command Center  
  20  1:59  Factory  
  20  2:02  SCV  
  20  2:06  Barracks Reactor  
  21  2:13  Supply Depot  
  21  2:17  SCV  
  22  2:22  Refinery  
  22  2:29  SCV  
  23  2:41  SCV  
  23  2:43  Marine x2  
  26  2:48  Starport  
  26  2:53  SCV  
  29  3:01  Marine x2  
  29  3:05  Factory Tech Lab  
  29  3:11  Orbital Command  
  28  3:14  SCV  
  28  3:19  Marine x2  
  30  3:25  Siege Tank  
  33  3:35  Supply Depot  
  33  3:37  Marine x2  
  33  3:39  SCV  
  35  3:44  Medivac  
  37  3:49  Supply Depot  
  37  3:54  Marine  
  39  3:59  Liberator  
  39  4:03  SCV  
  39  4:07  Marine  
  42  4:18  SCV  
  42  4:25  SCV  
  42  4:30  SCV  
  44  4:35  Barracks  
  44  4:39  Factory Reactor, Barracks, SCV  
  44  4:42  Marine, SCV  
  47  4:47  Supply Depot  
  47  4:48  Stimpack  
  47  4:51  SCV  
  48  4:54  SCV  
  49  5:00  Engineering Bay, Marine  
  49  5:03  Starport Tech Lab, SCV  
  49  5:05  Refinery  
  51  5:15  SCV  
  51  5:21  Marine  
  52  5:23  SCV  
  52  5:28  Starport Reactor, SCV  
  51  5:29  Supply Depot  
  51  5:35  SCV  
  51  5:38  Factory Reactor  
  51  5:39  Marauder  
  51  5:40  SCV  
  51  5:41  Terran Infantry Weapons Level 1  
  54  5:47  SCV  
  54  5:48  Marine x2  
  54  5:49  Combat Shields, Marauder  
  59  5:52  SCV  
  60  5:59  SCV  
  60  6:00  Marauder  
  63  6:06  Medivac x2, Marine  
  63  6:07  Refinery  
  63  6:09  Supply Depot  
  63  6:10  Marauder  
  70  6:26  Supply Depot  
  70  6:30  Widow Mine x2, Marine x2, SCV  
  77  6:37  Supply Depot  
  77  6:47  Viking  
  77  6:48  Viking, Marauder x2  
  77  6:52  Supply Depot, SCV  
  86  6:58  SCV  
  86  7:01  Widow Mine x2  
  90  7:10  Marauder x2  
  90  7:13  Marine x2  
  90  7:15  Supply Depot  
  96  7:16  Supply Depot  
  96  7:21  Viking  
  98  7:26  Viking  
  97  7:31  Marauder, Marine  
  97  7:33  Barracks  
  97  7:34  Concussive Shells  
  97  7:36  Barracks  
  100  7:42  Widow Mine  
  102  7:45  Terran Infantry Armor Level 1  
  102  7:49  Marauder  
  104  7:52  Marauder  
  104  7:57  Viking x2  
  110  8:10  Widow Mine x2, Marauder, Marine x2  
  110  8:12  Liberator  
  118  8:18  Supply Depot x2  
  118  8:20  Missile Turret  
  118  8:22  Liberator, Marauder, Barracks Tech Lab, Barracks Reactor  
  120  8:32  Marauder, Marine  
  126  8:39  Marine  
  130  8:42  Marine  
  129  8:49  Marine  
  128  8:57  Liberator, Command Center  
  128  9:03  Supply Depot  
  128  9:05  Liberator  
  128  9:06  Marauder x2, Marine  
  133  9:15  Marine  
  137  9:22  Widow Mine  
  142  9:24  Widow Mine  
  142  9:26  Supply Depot, SCV  
  142  9:29  SCV  
  131  9:47  Marauder, Marine  
  131  9:50  Marauder, Marine  
  132  10:08  Marauder, Marine  
  129  10:16  Marauder, Marine x2  
  129  10:17  Marauder, SCV x2  
Show
View Real Time Build Order
Export as new Build Order

TheoRy Protoss 

Build Orders: 1 Gate Expand, Colossus Rush 

Get SALT Encoding   

  12  0:01  Probe (Chrono Boost)  
  13  0:11  Probe (Chrono Boost)  
  14  0:19  Pylon  
  14  0:22  Probe (Chrono Boost)  
  15  0:38  Probe (Chrono Boost), Gateway  
  16  0:44  Assimilator  
  16  0:48  Probe (Chrono Boost)  
  17  0:59  Probe (Chrono Boost)  
  18  1:09  Probe (Chrono Boost)  
  19  1:20  Probe (Chrono Boost)  
  20  1:28  Nexus  
  20  1:36  Cybernetics Core  
  20  1:39  Probe (Chrono Boost)  
  21  1:45  Assimilator  
  21  1:51  Pylon  
  21  1:54  Probe (Chrono Boost)  
  22  2:05  Probe (Chrono Boost)  
  23  2:13  Adept  
  25  2:16  Mothership Core (Chrono Boost)  
  25  2:21  Warp Gate  
  27  2:34  Probe (Chrono Boost)  
  28  2:40  Probe (Chrono Boost)  
  28  2:43  Adept  
  29  2:45  Probe (Chrono Boost)  
  29  2:48  Robotics Facility  
  33  2:51  Probe (Chrono Boost)  
  33  2:57  Probe (Chrono Boost)  
  34  3:02  Probe (Chrono Boost)  
  35  3:09  Probe (Chrono Boost)  
  35  3:13  Probe (Chrono Boost)  
  35  3:19  Probe (Chrono Boost)  
  37  3:26  Pylon  
  37  3:27  Pylon  
  37  3:34  Probe (Chrono Boost)  
  37  3:38  Probe (Chrono Boost)  
  39  3:43  Pylon  
  39  3:45  Probe (Chrono Boost)  
  40  3:48  Warp Prism  
  40  3:49  Probe (Chrono Boost)  
  44  3:55  Probe (Chrono Boost)  
  44  3:56  Adept  
  44  4:05  Probe (Chrono Boost)  
  44  4:06  Probe (Chrono Boost)  
  46  4:15  Probe (Chrono Boost)  
  46  4:16  Probe (Chrono Boost)  
  48  4:18  Robotics Bay  
  48  4:20  Pylon  
  48  4:23  Assimilator  
  48  4:26  Probe (Chrono Boost)  
  48  4:27  Assimilator  
  48  4:30  Mothership Core (Chrono Boost)  
  49  4:33  Immortal  
  54  4:38  Probe (Chrono Boost)  
  54  4:41  Pylon  
  54  4:47  Gateway  
  54  4:52  Pylon  
  54  4:54  Probe (Chrono Boost)  
  54  4:56  Sentry  
  57  5:06  Gateway  
  57  5:11  Pylon  
  57  5:14  Gateway  
  56  5:20  Colossus  
  56  5:22  Adept  
  56  5:26  Probe (Chrono Boost)  
  66  5:33  Probe (Chrono Boost)  
  66  5:37  Extended Thermal Lance  
  66  5:38  Probe (Chrono Boost)  
  67  5:44  Probe (Chrono Boost), Adept  
  67  5:47  Pylon  
  70  5:54  Pylon  
  70  5:56  Probe (Chrono Boost)  
  69  5:59  Probe (Chrono Boost)  
  68  6:04  Adept  
  68  6:08  Probe (Chrono Boost)  
  67  6:17  Stalker  
  64  6:20  Probe (Chrono Boost)  
  64  6:21  Probe (Chrono Boost)  
  61  6:45  Stalker  
  64  6:51  Stalker  
  65  6:59  Probe (Chrono Boost)  
  66  7:02  Probe (Chrono Boost)  
  66  7:06  Stalker  
  69  7:11  Probe (Chrono Boost)  
  69  7:13  Probe (Chrono Boost)  
  68  7:19  Stalker  
  71  7:23  Probe (Chrono Boost)  
  71  7:25  Probe (Chrono Boost)  
  70  7:35  Probe (Chrono Boost), Colossus  
  71  7:40  Probe (Chrono Boost)  
  78  7:45  Sentry  
  78  7:49  Probe (Chrono Boost)  
  82  7:51  Probe (Chrono Boost)  
  82  8:02  Probe x2 (Chrono Boost)  
  84  8:06  Pylon  
  84  8:12  Sentry, Stalker x2  
  78  8:13  Sentry  
  78  8:19  Pylon  
  82  8:28  Probe (Chrono Boost)  
  82  8:29  Probe (Chrono Boost)  
  84  8:37  Nexus  
  83  8:41  Observer  
  83  8:47  Sentry x2  
  83  8:48  Sentry  
  87  8:57  Stalker  
  87  9:00  Probe x2 (Chrono Boost)  
  91  9:11  Nexus  
  91  9:14  Pylon  
  91  9:16  Pylon  
  91  9:19  Pylon  
  92  9:24  Probe (Chrono Boost), Colossus  
  92  9:25  Twilight Council  
  92  9:28  Forge, Probe (Chrono Boost)  
  93  9:32  Pylon  
  86  9:45  Stalker x2  
  86  9:49  Stalker  
  90  9:55  Stalker  
  90  9:57  Probe (Chrono Boost)  
  81  10:12  Stalker  
  77  10:15  Adept  
  77  10:16  Adept  
  75  10:24  Adept  
  75  10:26  Probe (Chrono Boost)  
Tags
 
Add a new tag
Caveats
  • Supply blocks, unpowered buildings, or Contaminate may cause inaccurate times.
  • Supply counts are checked every 10 seconds.